Match 46807984
Unlisted

Match 46807984
End
Royal Engineer Section
Construct Section Command Post
Selects Australian Defense Battlegroup
Selects Australian Light Infantry Section
Infantry Section
Infantry Section
Infantry Section
Construct Platoon Command Post
Humber Armored Car
Construct Field Infirmary
Selects 2-pounder Anti-tank Gun Team
2-pounder Anti-tank Gun Team
Vickers Machine Gun Team
Selects Vehicle Over Repair
Construct Company Command Post
Crusader II Medium Tank
6-pounder Anti-tank Gun Team
Crusader II Medium Tank
Selects CMP 15cwt Supply Run
Selects Reinforced Resource Caches
Armored Vehicle Training
UMirinBrah?
FeriG
0
0

Comments sign in to comment!

No comments posted yet!